 Dungeon Crawl Stone Soup version 0.32-a0-665-g3d30ec2550 (webtiles) character file.

Game seed: 10686547490893919758

84 shadizar the Digger (level 4, -2/24 HPs)
             Began as a Gargoyle Earth Elementalist on Mar 9, 2024.
             Slain by an iguana (12 damage)
             ... on level 3 of the Dungeon.
             The game lasted 00:03:36 (2589 turns).

shadizar the Digger (Gargoyle Earth Elementalist)   Turns: 2589, Time: 00:03:36

Health: -2/24      AC:  5    Str: 11    XL:     4   Next: 46%
Magic:  5/8        EV: 11    Int: 18    God:
Gold:   133        SH:  0    Dex: 10    Spells: 4/8 levels left

rFire   . . .        k - +0 sling (drain)
rCold   . . .        (no shield)
rNeg    + . .        a - +0 robe
rPois   ∞            (no helmet)
rElec   +            (no cloak)
rCorr   .            (no gloves)
SInv    .            (no boots)
Will    .....        (no amulet)
Stlth   ++           (no ring)
HPRegen 0.24/turn    (no ring)
MPRegen 0.11/turn

%: no passive effects
@: no status effects
A: sickness immunity, AC +3, negative energy resistance 1, electricity
resistance, torment resistance 1, petrification resistance
a: no special abilities


You were on level 3 of the Dungeon.
You visited 1 branch of the dungeon, and saw 3 of its levels.

You collected 133 gold pieces.

Inventory:

Hand Weapons
 c - a +2 dagger of venom
 j - a +2 dagger of flaming
 k - a +0 sling of draining (weapon)
Missiles
 l - 35 stones
 n - 6 poisoned darts
Armour
 a - a +0 robe (worn)
Wands
 o - a wand of flame (18)
Scrolls
 d - 3 scrolls of teleportation {unknown}
 e - 3 scrolls of blinking {unknown}
 f - a scroll of torment {unknown}
 g - a scroll of amnesia {unknown}
 i - a scroll of enchant armour {unknown}
 m - a scroll of noise {unknown}
 q - a scroll of fog {unknown}
Potions
 b - a potion of magic
 h - a potion of degeneration {unknown}
 p - a potion of curing {unknown}


   Skills:
 - Level 1.5 Dodging
 - Level 2.1 Stealth
 + Level 2.9 Spellcasting
 + Level 2.7 Conjurations
 + Level 4.6 Earth Magic


You had 4 spell levels left.
You knew the following spells:

 Your Spells              Type           Power      Damage    Failure   Level
a - Sandblast             Erth           38%        2d10      2%          1
b - Stone Arrow           Conj/Erth      30%        3d8       11%         3

Your spell library contained the following spells:

 Spells                   Type           Power      Damage    Failure   Level
 Passwall                 Erth           19%        N/A       8%          3
 Brom's Barrelling Bould  Conj/Erth      15%        2d4       36%         4
 Call Canine Familiar     Summ           2%         N/A       45%         3
 Sigil of Binding         Hex            2%         N/A       45%         3
 Petrify                  Alch/Erth      10%        N/A       54%         4
 Dimensional Bullseye     Hex/Tloc       1%         N/A       86%         4
 Dispel Undead            Necr           2%         3d7       86%         4
 Martyr's Knell           Necr/Summ      2%         N/A       86%         4
 Death Channel            Necr           1%         N/A       100%        6
 Cigotuvi's Dreadful Rot  Necr/Alch/Air  Unusable   N/A       N/A         2

Dungeon Overview and Level Annotations

Branches:
Dungeon (3/15)

Altars:
Uskayaw
Xom


Innate Abilities, Weirdness & Mutations

You are immune to sickness and miasma.
Your stone body is resilient. (AC +3)
You are immune to poison.
You resist negative energy. (rN+)
You are resistant to electric shocks. (rElec)
You are resistant to unholy torment.
You are immune to petrification.


Message History

There is a dry fountain here.
There is a dry fountain here.
There is a dry fountain here.
As you open the door, it creaks loudly!
There is an open door here.
You open the door.
There is an open door here.
There is an open door here.
l - 35 stones (gained 4)
An iguana comes into view.
You shoot a sling bullet.
The sling bullet hits the iguana but does no damage.
Casting: Sandblast (safe; 2% risk of failure)
Confirm with . or Enter, or press ? or * to list all spells.
Aiming: Sandblast (safe; 2% risk of failure)
Press: ? - help, Shift-Dir - straight line, f/p - iguana
Aim: an iguana (84% to hit)
The blast of sand hits the iguana.
The iguana is lightly wounded.
The iguana barely misses you.
Unknown command.
Unknown command.
Casting: Sandblast (safe; 2% risk of failure)
Confirm with . or Enter, or press ? or * to list all spells.
Aiming: Sandblast (safe; 2% risk of failure)
Press: ? - help, Shift-Dir - straight line, f/p - iguana
Aim: an iguana (lightly wounded, 84% to hit)
The blast of sand hits the iguana!
The iguana is heavily wounded.
The iguana bites you!
Unknown command.
Unknown command.
Casting: Sandblast (safe; 2% risk of failure)
Confirm with . or Enter, or press ? or * to list all spells.
Aiming: Sandblast (safe; 2% risk of failure)
Press: ? - help, Shift-Dir - straight line, f/p - iguana
Aim: an iguana (heavily wounded, 84% to hit)
The blast of sand misses the iguana.
The iguana bites you! x2
Ouch! That really hurt!
You die...

.#....###.........#
.#....##..######..#
.#....##.## #..#
.#.......# #..# ......####
#..# ..###.# #..# ..###.#
#..# ..##..# #..########
..##.##### #@........#
.........#######l######.##
..............#...
..###....####.#..#.
............#.####.#
............#....# #
............####.#
#####....#### #.# #....#
#.#


You could see an iguana.

Vanquished Creatures
  A bombardier beetle (D:3)
  An adder (D:3)
  A dart slug (D:2)
  2 endoplasms
  7 goblins
  3 hobgoblins
  A quokka (D:3)
  5 ball pythons
  8 bats
  3 frilled lizards
  3 kobolds
  4 rats
39 creatures vanquished.

Notes
Turn   | Place    | Note
-------+----------+-------------------------------------------
     0 | D:1      | shadizar the Gargoyle Earth Elementalist began the quest
                  | for the Orb.
     0 | D:1      | Reached XP level 1. HP: 10/10 MP: 3/3
   344 | D:1      | Reached XP level 2. HP: 15/15 MP: 1/5
   906 | D:2      | Reached skill level 4 in Earth Magic
  1378 | D:2      | Reached XP level 3. HP: 19/19 MP: 4/6
  2064 | D:3      | Found a shimmering altar of Xom.
  2290 | D:3      | Found a hide-covered altar of Uskayaw.
  2392 | D:3      | Reached XP level 4. HP: 24/24 MP: 0/8
  2399 | D:3      | Learned a level 3 spell: Stone Arrow
  2589 | D:3      | Slain by an iguana

Illustrated notes

Levels and vault maps discovered:
D:1:      sevenhm_arrival_forest_fort_small_6, layout_loops_ring
D:2:      cheibrodos_helix_gallery, layout_basic
D:3:      layout_basic, mainiacjoe_overflow_cross_hatched,
          regret_index_xom_buried_treasure, minmay_fountain_box,
          kennysheep_generic_room_2

Skill      XL: |  1  2 |
---------------+-------+-----
Earth Magic    | 4 |  4.6
Conjurations   | 2 |  2.7
Dodging        | |  1.5
Stealth        | |  2.1
Spellcasting   | |  2.9

Action                     |  1- 3 |  4- 6 || total
---------------------------+-------+-------++-------
  Melee: Dagger            |     3 |       ||     3
   Fire: Sling             |    36 |     1 ||    37
   Cast: Sandblast         |    46 |     3 ||    49
 Armour: Robe              |    38 |     3 ||    41
  Dodge: Dodged            |    33 |     1 ||    34

Table legend: (Time is in decaauts)
 A = Elapsed time spent in this place.
 B = Non-inter-level travel time spent in this place.
 C = Inter-level travel time spent in this place.
 D = Time resting spent in this place.
 E = Time spent auto-exploring this place.
 F = Levels seen in this place.
 G = Mean time per level.
                   A        B        C        D        E       F      G
               +--------+--------+--------+--------+--------+-----+--------+
         Total |   2630 |   2444 |    186 |      0 |   2094 |   3 |  876.7 |
       Dungeon |   2630 |   2444 |    186 |      0 |   2094 |   3 |  876.7 |
               +--------+--------+--------+--------+--------+-----+--------+

Top non-repeatable levels by time:
     D:2: 995 daAuts
     D:1: 872 daAuts
     D:3: 762 daAuts
